 Dungeon Sprint DCSS version 0.17.0-18-gaab0e96 (webtiles) character file.

3397 hexophile the Severer (level 9, -18/87 HPs)
             Began as a Demonspawn Gladiator on Nov 11, 2015.
             Was a Priest of Okawaru.
             Killed from afar by a deep elf knight (42 damage)
             ... with a shard of ice
             ... in the Dungeon (Sprint III: "The Ten Rune Challenge").
             The game lasted 00:06:39 (1297 turns).

hexophile the Severer (Demonspawn Gladiator)        Turns: 1297, Time: 00:06:39

Health: -18/87     AC: 17    Str: 19    XL:     9   Next: 75%
Magic:  8/9        EV:  8    Int:  9    God:    Okawaru [***...]
Gold:   2308       SH:  0    Dex: 13    Spells: 0 memorised, 8 levels left

rFire  . . .     SeeInvis .     a - +0 war axe
rCold  . . .     Clarity  .     l - +0 plate armour
rNeg   . . .     SustAt   .     (no shield)
rPois  .         Gourm    .     c - +0 helmet
rElec  .         Spirit   .     (no cloak)
rCorr  .         Warding  .     (no gloves)
rMut   .         NoTele   +     (no boots)
MR     .....                    (no amulet)
Stlth  ..........               (no ring)
                                (no ring)

@: lethally poisoned (-18 -> -92), heroism, not resistant to hostile
enchantments, extremely unstealthy
A: talons 1, rough black scales 1, nightstalker 1, powered by death 1
a: Heroism, Renounce Religion


You were in the Dungeon.
You worshipped Okawaru.
Okawaru was most pleased with you.
You were hungry.

You visited 1 branch You collected 2308 gold pieces.


Innate Abilities, Weirdness & Mutations

You have sharp toenails.
You are partially covered in rough black scales (AC +4, Dex -1).
You are slightly more attuned to the shadows.
You regenerate a little health from kills.

Inventory:

Hand Weapons
 a - a +0 war axe (weapon)
 j - a +0 flail
Armour
 c - a +0 helmet (worn)
 l - a +0 plate armour (worn)
Wands
 e - a wand of confusion (6)
Scrolls
 k - a scroll of blinking
Potions
 h - a potion of haste
 i - 2 potions of magic
 n - 2 potions of cure mutation {!q}
 o - 3 potions of flight
Books
 d - an Akashic Record

   Spells                             Type                      Level
   a - Dispersal                      Translocation                6
   b - Malign Gateway                 Summoning/Translocation      7
   c - Disjunction                    Translocation                8
   d - Controlled Blink               Translocation                8
Comestibles
 b - 4 chunks of flesh
 g - a royal jelly
 r - 3 bread rations


You had 8 spell levels left.
You didn't know any spells.


   Skills:
 - Level 14.1(19.1) Fighting
 - Level 15.5(20.5) Axes
 - Level 1.7(6.7) Throwing
 - Level 2.6(7.6) Dodging
 * Level 0.0 Invocations
 * Level 0.0 Evocations

Dungeon Overview and Level Annotations

Branches:
Dungeon (1/1)

Altars:
Cheibriados
Dithmenos
Elyvilon
Fedhas
Gozag
Kikubaaqudgha
Makhleb
Nemelex Xobeh
Okawaru
Qazlal
Ru
Sif Muna
Trog
Vehumet
Xom
Yredelemnul
Zin
The Shining One
Jiyva
Lugonu

Shops:
D %

Vault maps used:
D:        dungeon_sprint_mu
You       could see a deep elf knight (inner flame), a deep elf summoner (inner
          flame), a deep elf conjurer (inner flame), a redback and a hell rat.


Message History

The redback is moderately wounded.
The redback bites you but does no damage.
The hell rat bites you but does no damage.
The deep elf knight gestures wildly while chanting.
The deep elf knight seems to speed up.
You hit the redback but do no damage. You claw the redback, but do no damage.
The redback is moderately wounded.
You hit the hell rat.
The hell rat is severely wounded.
The redback bites you. The hell rat bites you.
You lost 9 HP.
You have now: 47/87 HP.
You slash the hell rat!
You kill the hell rat!
The hell rat's corpse disappears in a puff of smoke!
You hit the redback.
The redback is moderately wounded.
You are feeling hungry.
The redback bites you.
You are poisoned.
The redback poisons you!
You lost 2 HP.
You have now: 45/87 HP.
Your plate armour prevents you from hitting the redback.
The redback is moderately wounded.
You hit the hell rat but do no damage.
You feel very sick.
The redback bites you but does no damage.
You lost 3 HP.
You have now: 42/87 HP.
You closely miss the redback. You claw the redback, but do no damage.
The redback is moderately wounded.
You slash the deep elf knight!
The deep elf knight is moderately wounded.
You feel sick. The redback bites you.
You are lethally poisoned!
The redback poisons you!
You lost 5 HP.
You have now: 37/87 HP.
* * * LOW HITPOINT WARNING * * *
You feel extremely sick.
The redback bites you but does no damage.
You lost 6 HP.
You have now: 31/87 HP.
Drink which item? (? for menu, Esc to quit)
Okay, then.
Read which item? (? for menu, Esc to quit)
As you read the scroll of immolation, it crumbles to dust.
The creatures around you are filled with an inner flame!
* * * LOW HITPOINT WARNING * * *
You feel extremely sick. The redback closely misses you.
The deep elf knight points at you and mumbles some strange words.
The shard of ice hits you!
You die...

Action                   |  1- 3 |  4- 6 |  7- 9 || total
-------------------------+-------+-------+-------++-------
Melee: War axe           |    31 |    38 |   134 ||   203
Throw: Throwing net      |     8 |       |       ||     8
Invok: Heroism           |       |       |     3 ||     3
Evoke: Wand              |       |     5 |    13 ||    18
  Use: Potion            |     4 |     1 |     1 ||     6
       Scroll            |     7 |       |     1 ||     8
 Stab: Confused          |       |     7 |     8 ||    15
  Eat: Chunk             |       |       |     2 ||     2

Notes
Turn   | Place    | Note
--------------------------------------------------------------
     0 | D        | hexophile the Demonspawn Gladiator began the quest for the Orb.
     0 | D        | Reached XP level 1. HP: 16/16 MP: 1/1
    17 | D        | Reached skill level 4 in Axes
    22 | D        | Gained mutation: You are partially covered in rough black scales (AC +4, Dex -1). [demonic ancestry]
    22 | D        | Reached XP level 2. HP: 16/22 MP: 2/2
    37 | D        | Noticed Jessica
    71 | D        | Killed Jessica
    71 | D        | Reached skill level 6 in Axes
    71 | D        | Reached XP level 3. HP: 15/27 MP: 3/3
   152 | D        | Reached skill level 7 in Axes
   160 | D        | Killed a yaktaur
   173 | D        | Killed a white draconian scorcher
   174 | D        | Killed a white draconian scorcher
   246 | D        | Gained mutation: You can translocate small distances at will. [potion of mutation]
   246 | D        | Gained mutation: You are frail (-10% HP). [potion of mutation]
   246 | D        | Gained mutation: You can breathe flames. [potion of mutation]
   247 | D        | Gained mutation: Your muscles are strong. (Str +2) [potion of mutation]
   247 | D        | Gained mutation: You have large cloven feet. [potion of mutation]
   247 | D        | Gained mutation: Your body sometimes deteriorates upon taking damage. [potion of mutation]
   248 | D        | Noticed a water elemental
   255 | D        | Killed a water elemental
   255 | D        | Reached skill level 8 in Axes
   255 | D        | Lost mutation: You have large cloven feet. [demonic ancestry]
   255 | D        | Gained mutation: You have sharp toenails. [demonic ancestry]
   255 | D        | Reached XP level 4. HP: 16/29 MP: 4/4
   390 | D        | Lost mutation: You can breathe flames. [potion of cure mutation]
   390 | D        | Lost mutation: Your muscles are strong. (Str +2) [potion of cure mutation]
   390 | D        | Lost mutation: You are frail (-10% HP). [potion of cure mutation]
   390 | D        | Lost mutation: You can translocate small distances at will. [potion of cure mutation]
   390 | D        | Lost mutation: Your body sometimes deteriorates upon taking damage. [potion of cure mutation]
   391 | D        | Found a radiant altar of Vehumet.
   392 | D        | Found a deep blue altar of Sif Muna.
   392 | D        | Found an ancient bone altar of Kikubaaqudgha.
   392 | D        | Noticed a wizard
   394 | D        | Killed a wizard
   394 | D        | Reached skill level 9 in Axes
   403 | D        | Reached XP level 5. HP: 31/38 MP: 5/5
   419 | D        | Found a glowing silver altar of Zin.
   419 | D        | Found a glowing golden altar of the Shining One.
   419 | D        | Found a white marble altar of Elyvilon.
   419 | D        | Noticed a deep elf priest
   436 | D        | Killed a deep elf priest
   436 | D        | Reached skill level 6 in Fighting
   436 | D        | Reached skill level 11 in Axes
   436 | D        | Reached XP level 6. HP: 27/53 MP: 6/6
   538 | D        | Found an iron altar of Okawaru.
   538 | D        | Found a bloodstained altar of Trog.
   538 | D        | Noticed a human
   540 | D        | Noticed a human
   556 | D        | Killed a human
   556 | D        | Reached skill level 8 in Fighting
   565 | D        | Killed a human
   565 | D        | Reached skill level 12 in Axes
   565 | D        | Gained mutation: You regenerate a little health from kills. [demonic ancestry]
   565 | D        | Reached XP level 7. HP: 42/63 MP: 7/7
   575 | D        | Became a worshipper of Warmaster Okawaru
   583 | D        | Noticed a jelly
   585 | D        | Noticed a shadow
   592 | D        | HP: 4/94 [shadow (6)]
   596 | D        | Killed a shadow
   596 | D        | Reached skill level 9 in Fighting
   644 | D        | Killed a jelly
   660 | D        | Found a stormy altar of Qazlal.
   660 | D        | Found a sacrificial altar of Ru.
   660 | D        | Found a burning altar of Makhleb.
   660 | D        | Found a shimmering altar of Xom.
   661 | D        | Found a viscous altar of Jiyva.
   661 | D        | Found a shadowy altar of Dithmenos.
   661 | D        | Found a sparkling altar of Nemelex Xobeh.
   661 | D        | Found a corrupted altar of Lugonu.
   661 | D        | Found an opulent altar of Gozag.
   661 | D        | Noticed a spatial vortex
   729 | D        | Found a basalt altar of Yredelemnul.
   729 | D        | Found a snail-covered altar of Cheibriados.
   729 | D        | Found a blossoming altar of Fedhas.
   729 | D        | Noticed a necrophage
   729 | D        | Noticed a necromancer
   739 | D        | Killed a necromancer
   745 | D        | Killed a necrophage
   745 | D        | Reached * piety under Okawaru
   745 | D        | Reached skill level 10 in Fighting
   763 | D        | Found Sepetuum's Food Shoppe.
   764 | D        | Noticed an orc high priest
   764 | D        | Noticed an orc priest
   777 | D        | Noticed an orc priest
   777 | D        | Noticed an orc high priest
   786 | D        | Killed an orc priest
   787 | D        | Killed an orc priest
   787 | D        | Reached skill level 13 in Axes
   811 | D        | Noticed an orc warrior
   814 | D        | Killed an orc high priest
   814 | D        | Reached skill level 11 in Fighting
   814 | D        | Gained mutation: You are slightly more attuned to the shadows. [demonic ancestry]
   814 | D        | Reached XP level 8. HP: 60/76 MP: 8/8
   823 | D        | Killed an orc warrior
   825 | D        | Noticed an orc priest
   828 | D        | Noticed Erica
   840 | D        | Killed an orc priest
   840 | D        | Reached ** piety under Okawaru
   840 | D        | Reached skill level 14 in Axes
   879 | D        | Killed Erica
   879 | D        | Reached skill level 12 in Fighting
   879 | D        | Reached XP level 9. HP: 6/84 MP: 9/9
  1023 | D        | Killed an orc high priest
  1023 | D        | Reached *** piety under Okawaru
  1023 | D        | Reached skill level 13 in Fighting
  1023 | D        | Reached skill level 15 in Axes
  1067 | D        | Noticed an orc knight
  1067 | D        | Noticed an orc warrior
  1153 | D        | Killed an orc warrior
  1174 | D        | Killed an orc knight
  1174 | D        | Reached skill level 14 in Fighting
  1258 | D        | Killed Nessos
  1280 | D        | Noticed a deep elf summoner
  1280 | D        | Noticed a deep elf priest
  1280 | D        | Noticed a deep elf knight
  1280 | D        | Noticed a deep elf summoner
  1280 | D        | Noticed a deep elf conjurer
  1288 | D        | Noticed a demonic crawler
  1297 | D        | Killed from afar by a deep elf knight

Table legend:
 A = Turns spent in this place as a percentage of turns spent in the entire game.
 B = Non-inter-level travel turns spent in this place as a percentage of non-inter-level travel turns spent in the entire game.
 C = Inter-level travel turns spent in this place as a percentage of turns spent in this place.
 D = Turns resting spent in this place as a percentage of non-inter-level travel turns spent in this place.
 E = Turns spent auto-exploring this place as a percentage of non-inter-level travel turns spent in this place.
 F = Non-inter-level travel turns spent in this place divided by the number of levels of this place that you've seen.
                   A       B       C       D       E      F
               +-------+-------+-------+-------+-------+----------------------
         Total | 100.0 | 100.0 |   0.0 |   7.3 |   0.0 | 737.0
       Dungeon | 100.0 | 100.0 |   0.0 |   7.3 |   0.0 | 737.0
               +-------+-------+-------+-------+-------+----------------------

Table legend:
 A = Kills in this place as a percentage of kills in entire the game.
 B = Kills by you in this place as a percentage of kills by you in the entire game.
 C = Kills by friends in this place as a percentage of kills by friends in the entire game.
 D = Other kills in this place as a percentage of other kills in the entire game.
 E = Experience gained in this place as a percentage of experience gained in the entire game.
 F = Experience gained in this place divided by the number of levels of this place that you have seen.
                   A       B       C       D       E      F
               +-------+-------+-------+-------+-------+----------------------
         Total | 100.0 | 100.0 |  -nan | 100.0 | 100.0 | 4854.0
       Dungeon | 100.0 | 100.0 |  -nan | 100.0 | 100.0 | 4854.0
               +-------+-------+-------+-------+-------+----------------------

Vanquished Creatures
  Erica (D)
  2 orc high priests (D)
  An orc knight (D)
  A deep elf priest (D)
  A shadow (D)
  2 orc warriors (D)
  A necrophage (D)
  A water elemental (D)
  3 orc priests (D)
  A jelly (D)
  Jessica (D)
  A necromancer (D)
  A wizard (D)
  3 humans (D)
  A kobold demonologist (D)
  2 oozes (D)
  A phantom (D)
  9 orcs (D)
  A giant newt (D)
34 creatures vanquished.

Vanquished Creatures (others)
  2 draconian scorchers (D)
  Nessos (D)
  A yaktaur (D)
  4 plants (D)
8 creatures vanquished.

Grand Total: 42 creatures vanquished
